 Dungeon Crawl Stone Soup version 0.28.0-43-g3370ac3207 (console) character file.

Game seed: 13848753111046822740

23 Zeor the Slasher (level 3, -28/19 HPs)
             Began as a Vine Stalker Berserker on Mar 24, 2022.
             Was a Follower of Trog.
             Engulfed by a cloud of flame (31 damage)
             ... on level 1 of the Dungeon.
             The game lasted 00:01:49 (609 turns).

Zeor the Slasher (Vine Stalker Berserker)            Turns: 609, Time: 00:01:50

Health: -28/19     AC:  7    Str: 19    XL:     3   Next: 0%
Magic:  0/4        EV: 12    Int:  7    God:    Trog [*.....]
Gold:   21         SH:  0    Dex: 15    Spells: 2/2 levels left

rFire   . . .      SeeInvis .   a - +1 falchion
rCold   . . .      Faith    .   (no shield)
rNeg    . . .      Spirit   +   b - +0 animal skin
rPois   .          Reflect  .   (no helmet)
rElec   .          Harm     .   f - +0 cloak
rCorr   .          Rampage  .   (no gloves)
Will    .....                   (no boots)
Stlth   +.........              (no amulet)
HPRegen 0.06/turn               e - +4 ring of protection
MPRegen 0.09/turn               (no ring)

@: no status effects
A: fangs 2, magic shield, antimagic bite, no potion heal 2
a: Renounce Religion, Berserk


You were on level 1 of the Dungeon.
You worshipped Trog.
Trog was aware of your devotion.
You visited 1 branch of the dungeon, and saw 1 of its levels.

You collected 21 gold pieces.

Inventory:

Hand Weapons
 a - a +1 falchion (weapon)
Armour
 b - a +0 animal skin (worn)
 f - a +0 cloak (worn)
Jewellery
 e - a +4 ring of protection (left hand)
Scrolls
 d - a scroll of immolation
Potions
 c - a potion of curing {unknown}
 g - a potion of magic {unknown}


   Skills:
 + Level 2.8 Fighting
 * Level 3.3 Long Blades
 + Level 1.6 Armour
 + Level 1.8 Dodging


You had 2 spell levels left.
You didn't know any spells.
Your spell library was empty.

Dungeon Overview and Level Annotations

Branches:
Dungeon (1/15)

Altars:


Innate Abilities, Weirdness & Mutations

You have extremely sharp teeth.
When hurt, damage is shared between your health and your magic reserves.
Your bite disrupts and absorbs the magic of your enemies.
Potions cannot restore your health.


Message History

Found 2 scrolls labelled KECLYAT SIYFA.
There is a stone staircase leading down here.
A ball python comes into view.
The ball python hisses angrily.
You slash the ball python!
You kill the ball python!
Trog accepts your kill.
You have reached level 3!
Your experience leads to an increase in your attributes!
Increase (S)trength, (I)ntelligence, or (D)exterity?
You feel agile. x2
Your movement speed is average.
Your attack delay is about 1.1.
d - 2 scrolls labelled KECLYAT SIYFA You open the door.
There is an open door here.
A bat comes into view.
You see here a fizzy brown potion.
g - a fizzy brown potion
Found 6 arrows and a robe.
You see here 14 gold pieces.
You now have 21 gold pieces (gained 14).
As you read the scroll labelled KECLYAT SIYFA, it crumbles to dust.
The creatures around you are filled with an inner flame!
It was a scroll of immolation.
The bat hits you. The bat closely misses you. The bat closely misses you.
The bat hits you but does no damage.
There is an open door here.
You close the door.
You start waiting.
The bat misses you.
You hit the bat. Trog accepts your kill.
The bat explodes!
The fiery explosion engulfs you!!
Ouch! That really hurt!
* * * LOW HITPOINT WARNING * * *
You are engulfed in blazing flames.
Ouch! That really hurt!
You die...

∙▒∙∙∙▒∙∙∙▒∙▒▒▒∙∙∙∙▒
∙∙∙▒∙▒▒▒∙∙∙∙∙∙∙∙∙∙▒
∙∙∙▒∙▒▒∙†∙∙∙∙∙∙∙∙∙▒
∙∙∙▒∙∙∙∙∙∙∙∙∙∙∙∙∙∙▒▒▒∙▒
∙∙∙∙∙∙∙∙∙∙∙∙∙∙∙∙∙∙∙∙∙∙▒
∙∙∙∙∙▒▒▒∙∙∙∙∙∙∙∙∙∙▒▒▒▒▒
∙∙∙∙∙∙∙∙∙∙∙∙∙∙>▒∙b∙∙▒
▒∙∙∙∙∙▒▒∙∙∙∙∙∙#▒■▒▒∙▒
▒▒▒▒▒∙▒▒∙∙∙∙∙∙##f∙▒∙▒
▒▒▒∙
∙▒▒▒▒▒▒▒▒▒∙#∙▒∙▒▒▒▒▒∙∙∙∙▒
∙ ▒▒ ▒∙∙∙▒∙▒∙∙∙∙∙∙∙∙▒ ▒∙
▒∙∙∙▒∙∙∙b∙∙∙∙(∙▒ ∙
▒▒▒▒▒▒▒∙∙∙∙∙∙∙∙▒∙▒
▒∙∙∙∙∙∙∙∙▒ ∙∙∙∙∙∙∙∙∙▒
▒∙∙∙∙∙∙∙[▒▒ ▒∙∙∙∙∙∙∙∙▒


There were no monsters in sight!

Vanquished Creatures
  A dart slug (D:1)
  A bat (D:1)
  2 endoplasms (D:1)
  3 goblins (D:1)
  A hobgoblin (D:1)
  3 jackals (D:1)
  A quokka (D:1)
  5 ball pythons (D:1)
  2 kobolds (D:1)
  3 rats (D:1)
22 creatures vanquished.

Vanquished Creatures (others)
  2 fungi (D:1)
  2 plants (D:1)
4 creatures vanquished.

Grand Total: 26 creatures vanquished

Notes
Turn   | Place    | Note
-------+----------+-------------------------------------------
     0 | D:1      | Zeor the Vine Stalker Berserker began the quest for the
                  | Orb.
     0 | D:1      | Reached XP level 1. HP: 11/11 MP: 2/2
   131 | D:1      | Found a faded altar of an unknown god.
   146 | D:1      | Reached XP level 2. HP: 15/16 MP: 3/3
   148 | D:1      | Reached skill level 3 in Long Blades
   573 | D:1      | Reached XP level 3. HP: 19/19 MP: 4/4
   609 | D:1      | Engulfed by a cloud of flame

Illustrated notes

Levels and vault maps discovered:
D:1:      wander_arrival_desolate, layout_basic,
          dreamdust_ecumenical_altar_grove

Skill      XL: |  1  2 |
---------------+-------+-----
Long Blades    | 3 |  3.3
Fighting       | |  2.8
Armour         | |  1.6
Dodging        | |  1.8

Action                   || total
-------------------------++-------
Melee: Falchion          ||    48
       Bite              ||    12
  Use: Scroll            ||     3
 Stab: Distracted        ||     1
       Sleeping          ||     1
Armor: Animal skin       ||    15
Dodge: Dodged            ||    40
